 Dungeon Crawl Stone Soup version 0.24-a0-408-gcc1054c (webtiles) character file.

Game seed: 1850559691419183816

13827 CanOfBees the Fighter (level 12, -13/97 HPs)
             Began as a Merfolk Ice Elementalist on June 5, 2019.
             Was a Priest of the Shining One.
             Mangled by a komodo dragon (22 damage)
             ... on level 2 of the Lair of Beasts.
             The game lasted 00:41:30 (20724 turns).

CanOfBees the Fighter (Merfolk Ice Elementalist)   Turns: 20724, Time: 00:41:30

Health: -13/97     AC: 13    Str: 18    XL:     12   Next: 10%
Magic:  21/21      EV: 14    Int: 15    God:    the Shining One [***...]
Gold:   569        SH:  3    Dex: 14    Spells: 9/23 levels left

rFire    . . .     SeeInvis +   b - +6 glaive "Oggeofroj" {flame, Str+7 Int-2}
rCold    . . .     Gourm    .   (shield currently unavailable)
rNeg     + + .     Faith    .   j - +5 ring mail of the Komodo Dragon {+Inv rPois rF- rN+}
rPois    +         Spirit   .   d - +2 hat {SInv}
rElec    .         Reflect  +   (no cloak)
rCorr    .         Harm     .   L - +0 pair of gloves
MR       .....                  (no boots)
Stlth    +.........             O - +3 amulet of reflection
HPRegen  0.26/turn              Y - +3 ring of slaying
MPRegen  0.17/turn              X - ring of protection from fire

@: about to teleport, glowing
A: change form in water, swift swim, stealthy swim
a: Divine Shield, Renounce Religion, Evoke Invisibility


You were on level 2 of the Lair of Beasts.
You worshipped the Shining One.
The Shining One was most pleased with you.
You were not hungry.

You visited 3 branches of the dungeon, and saw 13 of its levels.

You collected 785 gold pieces.
You spent 216 gold pieces at shops.

Inventory:

Hand Weapons
 a - a +4 trident of flaming
 b - the +6 glaive "Oggeofroj" (weapon) {flame, Str+7 Int-2}
   (You found it on level 2 of the Lair of Beasts)

   It has been specially enchanted to burn those struck by it, causing extra
   injury to most foes and up to half again as much damage against particularly
   susceptible opponents.
   Big, fiery blades are also staple armaments of hydra-hunters.
   It affects your strength (+7).
   It affects your intelligence (-2).
 w - a +2 hand axe of venom
 N - the +3 spear "Conservator" {pierce, rN+ Dex+3}
   (You bought it in a shop on level 7 of the Dungeon)

   It inflicts extra damage upon your enemies.
   It affects your dexterity (+3).
   It protects you from negative energy.
Missiles
 f - 317 stones
 g - 11 boomerangs
 i - 17 arrows
 o - 28 poisoned darts (quivered)
 F - 6 silver javelins
Armour
 d - a +2 hat of see invisible (worn)
 j - the +5 ring mail of the Komodo Dragon (worn) {+Inv rPois rF- rN+}
   (You found it on level 1 of the Lair of Beasts)

   It makes you vulnerable to fire.
   It protects you from poison.
   It protects you from negative energy.
   It lets you turn invisible.
 L - a +0 pair of gloves (worn)
Jewellery
 x - an uncursed ring of wizardry
 O - a +3 amulet of reflection (around neck)
 S - an uncursed ring of positive energy
 X - a ring of protection from fire (right hand)
 Y - a +3 ring of slaying (left hand)
Wands
 t - a wand of flame (13)
 C - a wand of digging (5)
 M - a wand of iceblast (13)
 T - a wand of polymorph (8)
Scrolls
 l - a scroll of fear
 n - a scroll of vulnerability {unknown}
 p - 2 scrolls of remove curse
 r - 3 scrolls of teleportation
 u - a scroll of acquirement {unknown}
 v - a scroll of magic mapping {unknown}
 y - a scroll of summoning {unknown}
 A - a scroll of holy word {unknown}
 B - a scroll of identify
 H - 2 scrolls of fog
 Q - a scroll of enchant armour {unknown}
 W - a scroll of immolation {unknown}
Potions
 e - 4 potions of cancellation
 h - 7 potions of curing
 k - a potion of invisibility {unknown}
 m - a potion of degeneration {unknown}
 q - a potion of resistance {unknown}
 s - a potion of berserk rage {unknown}
 G - a potion of haste
 I - 2 potions of ambrosia
 K - 3 potions of flight
 Z - a potion of might
Miscellaneous
 E - a fan of gales
Comestibles
 c - 20 rations
 z - 5 chunks of flesh


   Skills:
 + Level 10.1 Fighting
 - Level 7.4 Polearms
 - Level 6.1 Dodging
 - Level 2.1 Stealth
 + Level 6.4 Spellcasting
 * Level 5.9 Conjurations
 - Level 3.0 Charms
 - Level 4.0 Summonings
 - Level 8.0 Ice Magic
 + Level 9.4 Invocations


You had 9 spell levels left.
You knew the following spells:

 Your Spells              Type           Power        Failure   Level  Hunger
a - Freeze                Ice            ####         1%          1    None
b - Throw Frost           Conj/Ice       ####..       2%          2    #......
c - Ozocubu's Armour      Chrm/Ice       ###.....     8%          3    ##.....
d - Summon Ice Beast      Ice/Summ       ###.....     22%         4    ####...
e - Throw Icicle          Conj/Ice       ####....     14%         4    ####...

Your spell library contained the following spells:

 Spells                   Type           Power        Failure   Level  Hunger


Dungeon Overview and Level Annotations

Branches:
Dungeon (10/15)            Temple (1/1) D:4            Lair (2/6) D:9
  Swamp (0/4) Lair:2
  Snake: Lair:2-4    Spider: Lair:2-4       Orc: D:9-12

Altars:
Ashenzari
Cheibriados
Dithmenos
Elyvilon
Fedhas
Gozag
Hepliaklqana
Kikubaaqudgha
Makhleb
Nemelex Xobeh
Okawaru
Qazlal
Ru
Sif Muna
Trog
Uskayaw
Vehumet
Wu Jian
Xom
Yredelemnul
Zin
The Shining One

Shops:
D:7 (


Message History

The swamp worm is almost dead.
The swamp worm closely misses you. The komodo dragon bites you!!
* * * LOW HITPOINT WARNING * * *
The swamp worm throws harpoon shot at you.
The harpoon shot hits you!
* * * LOW HITPOINT WARNING * * *
You are yanked forward by the harpoon shot.
Floosh!
The komodo dragon completely misses you.
Unknown command.
You block the swamp worm's attack.
The swamp worm bites you but does no damage.
As you read the scroll of teleportation, it crumbles to dust.
You feel strangely unstable. You block the swamp worm's attack.
The komodo dragon bites you but does no damage.
The swamp worm throws harpoon shot at you.
The harpoon shot misses you.
Found a robe.
The komodo dragon bites you!!
You die... (........... .... #.# ## ...<†....... ..... #.# #. ............ ##...###.## ## YY..........

......#...#### #. r...........
.........###.###P ............
...............). ............
♣.♣...♣.......... ............
♣♣♣♣♣♣♣.♣♣♣♣♣.####..
...........♣♣♣≈.@♣♣♣♣♣≈≈≈♣♣# ###
..........♣♣§≈≈l.§§§♣≈≈≈≈♣ ##.
..[.....>.♣§§§§w♣§§§♣≈≈≈≈♣♣####.#
.........♣♣.§§§§♣♣♣§♣≈≈≈≈♣....÷..
.........♣§§♣§§§♣ ♣§§§≈≈≈♣.######
........ ♣.[♣≈§§.♣♣.§.≈≈≈♣.##
....... ♣..§§≈§§§♣♣..§≈....#
...... ♣♣.§§§§§§≈♣♣.♣≈...## .....
♣..♣§§♣§≈♣♣♣♣♣.♣##


You could see a komodo dragon and a swamp worm.

Vanquished Creatures
  2 hydras
  Erica (D:8)
  A two-headed ogre (D:10)
  2 spiny frogs (Lair:1)
  2 dream sheep (D:8)
  2 hippogriffs
  8 yaks
  A basilisk (Lair:2)
  A hungry ghost (D:7)
  A steam dragon (D:10)
  A naga (Lair:2)
  A swamp worm (Lair:2)
  4 water moccasins
  2 porcupines (Lair:1)
  3 ice beasts
  A sky beast (D:5)
  8 ogres
  A necrophage (D:5)
  2 centaurs (D:8)
  2 phantoms
  A crocodile (D:9)
  9 bullfrogs
  4 big kobolds
  A scorpion (D:7)
  6 killer bees
  An electric eel (D:9)
  4 wights (D:9)
  5 howler monkeys
  4 crimson imps
  A centaur zombie (D:8)
  12 hounds
  2 quasits
  8 orc priests
  A bullfrog skeleton (D:9)
  A centaur skeleton (D:8)
  2 jellies
  2 orc wizards
  3 iguanas
  Terence (D:1)
  7 worker ants
  A killer bee zombie (D:8)
  A hound skeleton (D:8)
  A worker ant zombie (D:5)
  6 gnolls
  15 adders
  A shadow imp (D:9)
  An ooze (D:4)
  An adder zombie (D:5)
  An adder skeleton (D:4)
  4 worms
  3 dart slugs
  10 leopard geckos
  24 orcs
  6 bats
  5 giant cockroaches
  11 goblins
  8 hobgoblins
  2 jackals (D:5)
  3 quokkas
  3 ball pythons
  8 frilled lizards
  14 kobolds
  8 rats
  A fungus (Lair:1)
  2 plants (Lair:1)
261 creatures vanquished.

Vanquished Creatures (collateral kills)
  Gastronok (Lair:1)
  2 hydras
  A black mamba (Lair:1)
  A hippogriff (Lair:1)
  3 yaks (Lair:1)
  9 killer bees
  A centaur zombie (D:8)
  A gnoll (D:7)
  A shadow imp (D:10)
20 creatures vanquished.

Vanquished Creatures (others)
  A bullfrog (D:7)
  3 killer bees (D:7)
  A fungus (Lair:1)
  5 toadstools (D:1)
10 creatures vanquished.

Grand Total: 291 creatures vanquished

Notes
Turn   | Place    | Note
-------+----------+-------------------------------------------
     0 | D:1      | CanOfBees the Merfolk Ice Elementalist began the quest for
                  | the Orb.
     0 | D:1      | Reached XP level 1. HP: 13/13 MP: 3/3
   671 | D:1      | Reached XP level 2. HP: 20/20 MP: 1/5
  1035 | D:1      | Learned a level 2 spell: Throw Frost
  1083 | D:1      | Reached skill level 1 in Fighting
  1307 | D:1      | Reached XP level 3. HP: 26/26 MP: 4/6
  1505 | D:1      | Reached skill level 1 in Polearms
  2299 | D:2      | Reached XP level 4. HP: 17/32 MP: 5/7
  2314 | D:2      | Learned a level 3 spell: Ozocubu's Armour
  2961 | D:2      | Noticed Terence
  3303 | D:1      | Killed Terence
  3303 | D:1      | Reached skill level 1 in Conjurations
  3806 | D:2      | Reached skill level 2 in Fighting
  3888 | D:2      | Reached XP level 5. HP: 38/38 MP: 6/9
  4979 | D:3      | Reached XP level 6. HP: 35/46 MP: 1/10
  5233 | D:3      | Found a hazy altar of Hepliaklqana.
  5643 | D:4      | Found a radiant altar of Vehumet.
  5643 | D:4      | Found a sparkling altar of Nemelex Xobeh.
  6158 | D:4      | Reached skill level 3 in Fighting
  6565 | D:4      | Found a sparkling altar of Nemelex Xobeh.
  6694 | D:4      | Found a staircase to the Ecumenical Temple.
  6708 | Temple   | Entered the Ecumenical Temple
  7229 | D:5      | Entered Level 5 of the Dungeon
  7239 | D:5      | Reached XP level 7. HP: 52/52 MP: 12/12
  7575 | D:5      | Found a glowing golden altar of the Shining One.
  7577 | D:5      | Noticed an angel
  7594 | D:5      | Became a worshipper of the Shining One
  7618 | D:5      | Found a basalt altar of Yredelemnul.
  7620 | D:5      | Noticed a profane servitor
  7798 | D:5      | Reached skill level 5 in Ice Magic
  7798 | D:5      | Reached skill level 1 in Invocations
  8465 | D:5      | Reached skill level 4 in Fighting
  8465 | D:5      | Reached skill level 5 in Polearms
  8465 | D:5      | Reached XP level 8. HP: 58/60 MP: 8/13
  8821 | D:5      | Learned a level 4 spell: Summon Ice Beast
  9024 | D:6      | Reached skill level 1 in Charms
  9458 | D:6      | Got an encrusted dagger
  9511 | D:6      | Identified the +6 dagger "Rikkug" {vamp, rF+ MR+} (You
                  | found it on level 6 of the Dungeon)
  9598 | D:6      | Reached skill level 1 in Summonings
  9994 | D:6      | Learned a level 4 spell: Throw Icicle
 10036 | D:7      | Found Riykused's Antique Weapon Shop.
 10051 | D:7      | Bought a polished spear for 216 gold pieces
 10610 | D:7      | Reached skill level 5 in Fighting
 10610 | D:7      | Reached XP level 9. HP: 66/68 MP: 14/14
 11474 | D:7      | Identified the +3 spear "Conservator" {pierce, rN+ Dex+3}
                  | (You bought it in a shop on level 7 of the Dungeon)
 11872 | D:8      | Noticed Erica
 11888 | D:8      | Killed Erica
 11892 | D:8      | Reached * piety under the Shining One
 12068 | D:8      | Reached skill level 5 in Dodging
 12076 | D:8      | Reached skill level 6 in Fighting
 12408 | D:8      | Reached skill level 5 in Invocations
 13081 | D:8      | Reached XP level 10. HP: 77/77 MP: 15/15
 13814 | D:8      | Reached skill level 7 in Fighting
 14129 | D:8      | Noticed a two-headed hydra
 14150 | D:8      | Killed a two-headed hydra
 14150 | D:8      | Reached skill level 5 in Spellcasting
 14900 | D:9      | Reached ** piety under the Shining One
 14962 | D:9      | Found a stormy altar of Qazlal.
 15007 | D:9      | Found a staircase to the Lair.
 15389 | Lair:1   | Entered Level 1 of the Lair of Beasts
 15486 | D:9      | Reached skill level 8 in Fighting
 15491 | D:9      | Reached XP level 11. HP: 55/86 MP: 20/20
 15850 | D:10     | Entered Level 10 of the Dungeon
 16003 | D:10     | Noticed a two-headed ogre
 16947 | D:10     | Reached *** piety under the Shining One
 17553 | D:10     | Killed a two-headed ogre
 18183 | Lair:1   | Noticed a six-headed hydra
 18190 | Lair:1   | Killed a six-headed hydra
 18190 | Lair:1   | Reached skill level 9 in Fighting
 18759 | Lair:1   | Noticed Gastronok
 18776 | Lair:1   | Killed Gastronok
 19281 | Lair:1   | Reached skill level 5 in Conjurations
 19939 | Lair:1   | Got a dazzling ring mail
 19951 | Lair:1   | Identified the +5 ring mail of the Komodo Dragon {+Inv
                  | rPois rF- rN+} (You found it on level 1 of the Lair of
                  | Beasts)
 20320 | Lair:2   | Got a faintly glowing glaive
 20444 | Lair:1   | Identified the +6 glaive "Oggeofroj" {flame, Str+7 Int-2}
                  | (You found it on level 2 of the Lair of Beasts)
 20597 | Lair:2   | Noticed a four-headed hydra
 20608 | Lair:2   | Killed a two-headed hydra
 20608 | Lair:2   | Reached skill level 10 in Fighting
 20608 | Lair:2   | Reached XP level 12. HP: 91/97 MP: 17/21
 20628 | Lair:2   | Noticed a six-headed hydra
 20642 | Lair:2   | Killed a four-headed hydra
 20711 | Lair:2   | Found a staircase to the Swamp.
 20724 | Lair:2   | Mangled by a komodo dragon

Levels and vault maps discovered:
D:1:      psy_arrival_whirlpool, layout_loops_corners, minmay_gold_behind_fungi
D:2:      layout_rooms, minmay_puff, uniq_terence
D:3:      layout_basic, lemuel_round_altar, first_ration, minmay_crystal_room,
          minmay_vboxes
D:4:      layout_gridville, chequers_temple_overflow_statue_of_worship,
          minmay_temple_entry_nine_rooms, fountainhead, roderic_lattice_a,
          nemelex_diamond_rough_becter
D:5:      layout_basic, grunt_temple_overflow_holy_war
D:6:      layout_cave_pools
D:7:      layout_basic, serial_shops, shop_statue
D:8:      layout_loops_ring, hangedman_ranch [blue_anna_fruit_fields],
          kennysheep_boxes, uniq_erica
D:9:      layout_rooms, nicolae_overflow_crystal_walls, lair_entry_dummy,
          fountainhead
D:10:     layout_basic, hangedman_decor_opposing, chequers_garden
Temple:   regret_index_temple_sphere_string
Lair:1:   layout_long_grid, minmay_hedge_maze, uniq_gastronok
Lair:2:   layout_chaotic_city, palyth_hydra_swamp_entry,
          minmay_snake_entry_guardpost_small, portal_ice_cave_entry_ice_beasts,
          ebering_ghost_rock_garden, lemuel_centaur_altar, serial_bayou_shore_a

Skill      XL: |  1  2  3  4  5  6  7  8  9 10 11 |
---------------+----------------------------------+-----
Dodging        | 3 4 6 |  6.1
Fighting       | 1 2 3 4 5 6 8 10 | 10.1
Polearms       | 1 2 3 4 5 6 7 |  7.4
Conjurations   | 1 2 3 5 |  5.9
Ice Magic      | 4 5 6 7 8 |  8.0
Spellcasting   | 3 6 |  6.4
Invocations    | 2 3 5 7 9 |  9.4
Charms         | 3 |  3.0
Summonings     | 1 4 |  4.0
Stealth        | |  2.1

Action                   |  1- 3 |  4- 6 |  7- 9 | 10-12 || total
-------------------------+-------+-------+-------+-------++-------
Melee: Unarmed           |     2 |       |     7 |       ||     9
       Dagger            |     1 |       |       |       ||     1
       Spear             |    56 |    64 |       |       ||   120
       Trident           |       |    56 |   186 |   292 ||   534
       Hand axe          |       |       |     4 |       ||     4
       Tailslap          |       |       |       |     2 ||     2
       Glaive            |       |       |       |    18 ||    18
Throw: Stone             |     9 |    21 |     4 |       ||    34
       Dart              |       |    42 |    40 |    18 ||   100
       Javelin           |       |       |     7 |       ||     7
 Cast: Freeze            |    35 |    47 |    48 |    63 ||   193
       Throw Frost       |       |    14 |     2 |     7 ||    23
       Summon Ice Beast  |       |       |     1 |    14 ||    15
       Throw Icicle      |       |       |       |     2 ||     2
       Ozocubu's Armour  |       |       |       |     1 ||     1
Evoke: Wand              |       |       |    10 |     2 ||    12
  Use: Scroll            |       |     5 |    13 |    10 ||    28
       Potion            |       |     2 |     5 |     5 ||    12
 Stab: Sleeping          |     8 |     4 |     1 |       ||    13
  Eat: Chunk             |     5 |    16 |    17 |    17 ||    55
       Ration            |       |       |     1 |     3 ||     4
Armor: Robe              |    11 |    14 |    22 |       ||    47
       Leather armour    |       |       |    21 |    38 ||    59
       Ring mail         |       |       |       |    14 ||    14
Dodge: Dodged            |    58 |    88 |   183 |   227 ||   556
Block: Other             |       |       |    16 |    24 ||    40
       Reflection        |       |       |     1 |     3 ||     4

Table legend:
 A = Non-vault XP
 B = Vault XP
 C = Vault XP percentage of total XP
 D = Non-vault monster count
 E = Vault monster count
 F = Vault count percentage of total count
                 A         B        C        D         E       F
            +---------+---------+-------+---------+---------+-------
      Total |   13012 |    6741 |  34.1 |     254 |      25 |   9.0
            +---------+---------+-------+---------+---------+-------
        D:1 |      61 |      32 |  34.4 |      33 |       1 |   2.9
        D:2 |      73 |      19 |  20.7 |      21 |       4 |  16.0
        D:3 |     175 |       6 |   3.3 |      19 |       4 |  17.4
        D:4 |     253 |       0 |   0.0 |      17 |       0 |   0.0
        D:5 |     705 |       0 |   0.0 |      23 |       0 |   0.0
        D:6 |     365 |       0 |   0.0 |      11 |       0 |   0.0
        D:7 |    1008 |       0 |   0.0 |      18 |       0 |   0.0
        D:8 |    1563 |    3098 |  66.5 |      31 |       9 |  22.5
        D:9 |    2167 |       0 |   0.0 |      26 |       0 |   0.0
       D:10 |    2583 |       0 |   0.0 |      37 |       0 |   0.0
     Lair:1 |    3703 |    1575 |  29.8 |      16 |       2 |  11.1
     Lair:2 |     356 |    2011 |  85.0 |       2 |       5 |  71.4
            +---------+---------+-------+---------+---------+-------
